AoeStats
← fmromerocarmona

Nomad

509876526Analyzed
3v3 RM · 5d ago on Sep 28, 2026· 45m 51s· 6 players
Game mode
Random Map
Map size
210×210
Population
200
Speed
Normal
Resources
Standard
Victory
Conquest
Starting age
Dark Age
Ending age
Imperial Age
RankedLock teamsTeams togetherTeam positionsShared explorationLock speedFull tech treeHidden civsTurbo modeCheats
Victory
Defeat
🇫🇷 Japanese · France
927
+15
🇹🇼 Danes · Taiwan
899
+16
🇨🇳 Huns · China
831
+18
🇩🇪 Varangians · Germany
939
-18
🇪🇸 Spanish · Spain
900
-17
🇩🇪 Saxons · Germany
843
-14
Sir Leonhart
8:19 Loom
16:32 Feudal Age
19:36 Fishing Lines
23:25 Gold Mining
23:27 Stone Mining
26:12 Arson
30:09 Double-Bit Axe
33:41 Castle Age
35:03 Scale Mail Armor
35:13 Forging
34:46 Horse Collar
35:46 Gambesons
36:02 Squires
36:26 Chain Mail Armor
40:29 Imperial Age
38:35 Wheelbarrow
38:03 Heavy Plow
39:46 Gold Shaft Mining
39:49 Iron Casting
40:50 Elite Varangian Guard
42:02 Plate Mail Armor
fmromerocarmona
3:55 Loom
15:19 Feudal Age
18:04 Horse Collar
22:35 Castle Age
22:13 Double-Bit Axe
31:51 Fletching
31:49 Town Watch
anonymer Alfred
3:18 Loom
16:18 Feudal Age
18:48 Town Watch
18:55 Double-Bit Axe
19:25 Fletching
21:58 Wheelbarrow
21:26 Padded Archer Armor
26:23 Castle Age
24:39 Fishing Lines
27:54 Husbandry
29:24 Stone Mining
29:24 Gold Mining
29:52 Pikeman
30:32 Squires
33:08 Stone Shaft Mining
33:31 Scale Barding Armor
33:38 Forging
39:38 Imperial Age
40:12 Bloodlines
39:39 Elite Skirmisher
42:50 Murder Holes
43:17 Ballistics
43:08 Masonry
43:48 Conscription
43:58 Hand Cart
44:24 Bodkin Arrow
31545054
3:51 Loom
19:37 Feudal Age
38:51 Castle Age
43:19 Bloodlines
43:10 Husbandry
feifei0920097740
5:37 Loom
15:00 Feudal Age
19:35 Castle Age
18:06 Fishing Lines
18:42 Double-Bit Axe
20:31 Bow Saw
21:12 Squires
21:23 Gambesons
21:44 Fletching
24:32 Wheelbarrow
24:01 Gold Mining
29:29 Arson
30:03 Scale Mail Armor
30:53 Forging
30:56 Bodkin Arrow
32:41 Padded Archer Armor
32:30 Horse Collar
36:49 Chain Mail Armor
37:10 Iron Casting
37:09 Hamask
43:28 Imperial Age
43:49 Thumb Ring
44:47 Conscription
45:43 Plate Mail Armor
46:14 Blast Furnace
AnArKy
3:35 Loom
17:04 Feudal Age
17:47 Double-Bit Axe
17:45 Horse Collar
17:57 Fishing Lines
23:20 Castle Age
21:36 Scale Barding Armor
21:42 Forging
24:57 Scale Mail Armor
25:32 Iron Casting
25:06 Gold Mining
25:10 Stone Mining
28:32 Gambesons
29:02 Padded Archer Armor
31:10 Wheelbarrow
31:26 Gillnets
37:09 Imperial Age
34:42 Heavy Plow
36:56 Chain Mail Armor
36:44 Squires
36:30 Arson
37:00 Bow Saw
37:30 Gold Shaft Mining
39:46 Blast Furnace
39:17 Plate Mail Armor
39:49 Conscription
39:23 Elite Samurai
41:28 Chemistry
42:19 Kataparuto
Connection lost

Rejoining the realm…

Still unreachable

The connection could not be restored.

Session expired

The server has moved on; the page needs a fresh start.